Cogmind - Beta 16 --- EXPLORER MODE // 2025.12.02 @ 16:09:27 Player: K.K.Y. Result: Destroyed by 17-U77(R) with Subdweller Shrapnel Launcher Performance ------------- Evolutions (0) 0 Regions Visited (3) 600 Robots Destroyed (24) 120 Value Destroyed (656) 656 Prototype IDs (0) 0 Alien Tech Used (0) 0 Bonus (0) 0 TOTAL SCORE: 1376 Bonus ------- None Cogmind --------- Core Integrity 0/250 Matter 246/300 Energy 271/275 System Corruption 1% Temperature Cool (2) Movement Treading (160) Location -10/Subcaves Parts ------- > --- POWER (1) -------- Deuterium Engine > --- PROPULSION (2) --- Light Treads Light Treads > --- UTILITY (3) ------ Large Storage Unit Core Shielding Utility Shielding > --- WEAPON (2) ------- Improved Light Cannon Great Maul > --- INVENTORY (15) --- Light Deuterium Engine High-capacity Storage Unit Weight Redist. System Sensor Array Terrain Scanner Medium Armor Plating Medium Armor Plating Medium Armor Plating Medium Armor Plating Improved Light Armor Plating Riot Gun Datajack Mining Laser Peak State ------------ > --- POWER ------------ Deuterium Engine > --- PROPULSION ------- Light Treads Light Treads > --- UTILITY ---------- Large Storage Unit Core Shielding Utility Shielding > --- WEAPON ----------- Improved Light Cannon Great Maul > --- INVENTORY -------- Light Deuterium Engine High-capacity Storage Unit Weight Redist. System Sensor Array Terrain Scanner Medium Armor Plating Medium Armor Plating Medium Armor Plating Medium Armor Plating Improved Light Armor Plating Datajack Mining Laser Hammer [Rating: 15] Favorites ----------- Power Ion Engine Engine Ion Engine Propulsion Light Treads Treads Light Treads Utility Core Shielding Storage Large Storage Unit Protection Core Shielding Weapon Improved Light Cannon Energy Gun Heavy EM Pulse Gun Ballistic Gun Assault Rifle Ballistic Cannon Improved Light Cannon Impact Weapon Great Maul Build | -11 -10 -10 -10 ------- Run | Yrd Mat Min Sub Slots Evolved 1 | . 1 . . Power . | . . . . Propulsion . | . . . . Utility 1 | . 1 . . Weapon . | . . . . Parts Attached 20 | 7 7 6 . Power 2 | 1 . 1 . Engine 2 | 1 . 1 . Core . | . . . . Reactor . | . . . . Propulsion 4 | 2 . 2 . Treads 4 | 2 . 2 . Leg . | . . . . Wheel . | . . . . Hover . | . . . . Flight . | . . . . Utility 5 | 2 3 . . Device . | . . . . Storage 3 | 1 2 . . Processor . | . . . . Hackware . | . . . . Protection 2 | 1 1 . . Artifact . | . . . . Weapon 9 | 2 4 3 . Energy Gun 3 | 1 2 . . Energy Cannon . | . . . . Ballistic Gun 1 | 1 . . . Ballistic Cannon 4 | . 2 2 . Launcher . | . . . . Special Weapon . | . . . . Impact Weapon 1 | . . 1 . Slashing Weapon . | . . . . Piercing Weapon . | . . . . Special Melee Weapon . | . . . . Unidentified Prototypes . | . . . . Parts Lost 6 | . . 6 . Power 1 | . . 1 . Propulsion 2 | . . 2 . Utility . | . . . . Weapon 3 | . . 3 . Highest Loss Streak 3 | . . 3 . To Critical Strikes 1 | . . 1 . Average Backups 11 | 3 8 13 12 Power . | . . . 1 Propulsion . | . . 1 . Utility 7 | 2 5 8 9 Weapon 2 | . 2 1 1 Tool/Special . | . . . . Unused Backups 17 | . 4 1 12 Power 2 | . 1 . 1 Propulsion . | . . . . Utility 8 | . . . 8 Weapon 6 | . 3 1 2 Tool/Special 1 | . . . 1 Average Slot Usage (%) 83 | . 98 67 100 Engine 8 | . 12 4 12 Treads 17 | . 25 8 25 Storage 12 | . 12 12 12 Protection 25 | . 25 25 25 Energy Gun 2 | . 6 . . Ballistic Cannon 14 | . 16 13 12 Impact Weapon 3 | . . 3 12 Peak Build Rating 15 | 7 12 15 15 Average Rating 10 | 5 10 9 15 On Entrance 8 | . 7 12 15 Avg Prop Armor Cover (%) . | . . . . Naked Turns . | . . . . Heaviest Build 39 | 20 35 39 39 Greatest Support 40 | 40 40 40 40 Greatest Overweight (x) 12 | 2 . 12 . Average Overweight (x) 1 | . . 3 . Largest Inventory Capacity 20 | 10 20 20 15 Average Capacity 14 | 8 14 15 15 Most Carried 15 | 5 15 15 13 Average Carried 11 | 3 8 13 12 Final Capacity 15 | 10 15 15 15 Final Carried 15 | 4 15 12 13 Class Distribution -------------------- 100% | Hacker-Mutant Dominant Class ---------------- Hacker-Mutant | -10/Materials Hacker-Mutant | -10/Mines Hacker-Mutant | -10/Subcaves Resources | -11 -10 -10 -10 ----------- Run | Yrd Mat Min Sub Matter Collected 871 | 123 293 415 40 Remotely . | . . . . Salvage Created 846 | . 289 430 127 Parts 39 | . 21 14 4 Haulers Intercepted 2 | . 2 . . Recyclers Shooed 2 | . . 2 . Parts Field Recycled . | . . . . Retrieved Matter . | . . . . Parts Self-Destructed . | . . . . Prevented . | . . . . Parts Restored . | . . . . Kills | -11 -10 -10 -10 ------- Run | Yrd Mat Min Sub Combat Hostiles Destroyed 30 | . 6 21 3 Cannons 28 | . 4 21 3 AOE 2 | . 2 . . Classes Destroyed 11 | . 6 3 2 Worker 1 | . 1 . . Hauler 2 | . 2 . . Recycler 3 | . . 3 . Mechanic 1 | . 1 . . Watcher 1 | . 1 . . Swarmer 2 | . 2 . . Grunt 9 | . 4 5 . Demolisher 2 | . . 2 . Cobbler 1 | . . . 1 Subdweller 3 | . . . 3 Assembled 14 | . . 14 . Best Kill Streak 14 | . 4 14 2 Combat Bots Only 14 | . 2 14 2 Max Kills in Single Turn 3 | . 3 1 1 Gunslinging . | . . . . Exploded 2 | . 2 . . Melee . | . . . . Uniques/NPCs Destroyed . | . . . . Combat | -11 -10 -10 -10 -------- Run | Yrd Mat Min Sub Hostile Shots Fired 148 | . 8 128 12 Missed 41 | . 5 32 4 Hits 107 | . 3 96 8 Melee 7 | . . 7 . Projectile 100 | . 3 89 8 AOE 13 | . . 11 2 Critical Strikes 1 | . . 1 . Part Disruptions 1 | . . 1 . Damage Taken 1337 | . 128 1060 149 Core 251 | . 27 181 43 Absorbed by Shields . | . . . . Redirected to Shielding 74 | . 8 52 14 Ignored by Resistances 807 | . 79 640 88 Core Remaining (%) 100 | 100 . . . Volleys Fired 93 | . 16 56 21 Largest 2 | . 2 2 1 Hottest 90 | . 90 66 33 Shots Fired 129 | . 32 76 21 Gun 6 | . 6 . . Cannon 123 | . 26 76 21 Launcher . | . . . . Special . | . . . . Kinetic 123 | . 26 76 21 Thermal . | . . . . Explosive . | . . . . Electromagnetic 6 | . 6 . . Robot Hit Streak 67 | . 9 46 67 Robot Miss Streak 2 | . 1 2 . Penetration Max . | . . . . Secondary Targets . | . . . . Shots Hit Robots 109 | . 20 68 21 Core Hits 51 | . 13 30 8 Critical Kills . | . . . . Critical Parts Destroyed . | . . . . Critical Strikes 3 | . 1 . 2 Blast 3 | . 1 . 2 Melee Attacks . | . . . . Impact . | . . . . Slashing . | . . . . Piercing . | . . . . Sneak Attacks . | . . . . Combat Hostiles . | . . . . Follow-up Attacks . | . . . . Damage Inflicted 2378 | . 504 1449 425 Guns 60 | . 60 . . Cannons 2221 | . 347 1449 425 Explosions 97 | . 97 . . Melee . | . . . . Ramming . | . . . . Kinetic 2221 | . 347 1449 425 Thermal 97 | . 97 . . Explosive . | . . . . Electromagnetic 60 | . 60 . . Impact . | . . . . Slashing . | . . . . Piercing . | . . . . Highest Corruption 1 | . 1 1 1 Average Corruption 1 | . 1 1 1 Corruption Purged . | . . . . Corruption Blocked . | . . . . Effects 11 | . . 9 2 Message Errors 2 | . . 2 . Matter Fused 5 | . . 3 2 Heat Flow Errors 1 | . . 1 . Energy Discharges 1 | . . 1 . Data Loss (major) 1 | . . 1 . Misfires 1 | . . 1 . Overload Shots . | . . . . Overflow Damage 35 | . 5 30 . Projectiles 35 | . 5 30 . Explosions . | . . . . Melee . | . . . . Knockbacks 22 | . 4 14 4 Impact . | . . . . Kinetic 22 | . 4 14 4 Secondary . | . . . . Self-Inflicted Damage . | . . . . Shots . | . . . . Rammed . | . . . . Targets Rammed . | . . . . Kicked . | . . . . Crushed . | . . . . Highest Temperature 246 | . 60 246 . Average Temperature 26 | . 10 40 . Received Heat Transfer 358 | . 24 292 42 Siege Activations . | . . . . Martial Activations . | . . . . Shielding Activations . | . . . . Robots Disrupted . | . . . . Combat Hostiles . | . . . . Robots Corrupted . | . . . . Combat Hostiles . | . . . . Parts Fried . | . . . . Impact Corruptions . | . . . . Robots Melted . | . . . . Combat Hostiles . | . . . . Parts Melted . | . . . . Heat Transferred 50 | . 50 . . Parts Sabotaged . | . . . . Parts Stolen . | . . . . Parts Stripped . | . . . . Power Chain Reactions 1 | . 1 . . Alert | -11 -10 -10 -10 ------- Run | Yrd Mat Min Sub Maximum Alert Level . | . . . . Low Security (%) 100 | 100 100 100 . Level 1 . | . . . . Level 2 . | . . . . Level 3 . | . . . . Level 4 . | . . . . Level 5 . | . . . . High Security . | . . . . Max Security . | . . . . Peak Influence 65 | . 65 50 . Initial 6 | . . 6 . Average 4 | . 5 3 . Influence Increases 380 | . 185 195 . Destroy 0b10 Robot/C 260 | . 120 140 . Destroy 0b10 Robot/NC 40 | . 25 15 . Destroy Leader 76 | . 36 40 . Destroy Structure 4 | . 4 . . Influence Decreases 380 | . 160 220 . Entered New Map 19 | . . 19 . Time Decay 361 | . 160 201 . Squads Dispatched 1 | . . 1 . Investigation 1 | . . 1 . Extermination . | . . . . Reinforcement . | . . . . Assault . | . . . . Garrison . | . . . . Intercept . | . . . . Searches Triggered . | . . . . Construction Impeded . | . . . . Haulers Reinforced . | . . . . Active Scanning Responses . | . . . . Cargo Convoy Interrupts . | . . . . Stealth | -11 -10 -10 -10 --------- Run | Yrd Mat Min Sub Distress Signals 1 | . 1 . . Communications Jammed . | . . . . Distress Signals . | . . . . Times Spotted 41 | . 10 26 5 Peak Tracking Total 20 | . 3 20 3 Tactical Retreats 1 | . . 1 . Traps | -11 -10 -10 -10 ------- Run | Yrd Mat Min Sub Traps Triggered 5 | . 5 . . Indirectly . | . . . . Trap Hack Attempts . | . . . . Triggered . | . . . . Disarmed . | . . . . Reprogrammed . | . . . . Reused . | . . . . Traps Extracted . | . . . . Installed . | . . . . Triggered . | . . . . Machines | -11 -10 -10 -10 ---------- Run | Yrd Mat Min Sub Machines Disabled 1 | . 1 . . Max in Single Turn 1 | . 1 . . Machines Repaired . | . . . . Machines Dismantled . | . . . . Machines Sabotaged . | . . . . Overloaded Fab Kills . | . . . . Hacking | -11 -10 -10 -10 --------- Run | Yrd Mat Min Sub Machines Accessed 2 | . 1 1 . Terminals 1 | . 1 . . Fabricators . | . . . . Repair Stations . | . . . . Recycling Units . | . . . . Scanalyzers . | . . . . Garrison Access . | . . . . Total Hacks 2 | . 1 1 . Successful 2 | . 1 1 . Failed . | . . . . Catastrophic . | . . . . Database Lockouts . | . . . . Manual . | . . . . Terminals 1 | . 1 . . Fabricators . | . . . . Repair Stations . | . . . . Recycling Units . | . . . . Scanalyzers . | . . . . Garrison Access . | . . . . Terminal Hacks 2 | . 1 1 . Robot Analysis 1 | . 1 . . Open Door 1 | . . 1 . Fabricator Hacks . | . . . . Repair Station Hacks . | . . . . Recycling Unit Hacks . | . . . . Scanalyzer . | . . . . Garrison Access Hacks . | . . . . Unauthorized Hacks . | . . . . Terminals . | . . . . Fabricators . | . . . . Repair Stations . | . . . . Recycling Units . | . . . . Scanalyzers . | . . . . Garrison Access . | . . . . Data Cores Recovered . | . . . . Used . | . . . . Hacking Detections . | . . . . Full Trace Events . | . . . . Feedback Events . | . . . . Feedback Blocked . | . . . . Robot Schematics Acquired . | . . . . Robots Built . | . . . . Authchips . | . . . . Time . | . . . . Total Robot Build Rating . | . . . . Part Schematics Acquired . | . . . . Parts Built . | . . . . Authchips . | . . . . Time . | . . . . Total Part Build Rating . | . . . . Part Studies Acquired . | . . . . Parts Repaired . | . . . . Time . | . . . . Parts Recycled . | . . . . Recycled Matter . | . . . . Retrieved Matter . | . . . . Retrieved Components . | . . . . Parts Scanalyzed . | . . . . Part Schematics Acquired . | . . . . Parts Damaged . | . . . . Bothacking | -11 -10 -10 -10 ------------ Run | Yrd Mat Min Sub Used RIF Installer . | . . . . Robots Hacked . | . . . . Non-combat . | . . . . Combat . | . . . . Robot Hacks Applied . | . . . . Relay Couplers Released . | . . . . Fabnet Peak Effective % . | . . . . Robots Rewired . | . . . . Allies Hacked . | . . . . Hacks Repelled . | . . . . Allies | -11 -10 -10 -10 -------- Run | Yrd Mat Min Sub Total Allies . | . . . . Largest Group . | . . . . Highest-Rated Group . | . . . . Highest-Rated Ally . | . . . . Total Orders . | . . . . Ally Attacks . | . . . . Total Damage . | . . . . Kills . | . . . . Allies Corrupted . | . . . . Allies Melted . | . . . . Intel | -11 -10 -10 -10 ------- Run | Yrd Mat Min Sub Active Infowar (turns) . | . . . . Robot Analysis Total 1 | . 1 . . Derelict Logs Recovered . | . . . . Drone Launches . | . . . . Drone Recoveries . | . . . . Exploration | -11 -10 -10 -10 ------------- Run | Yrd Mat Min Sub Turns Passed 2900 | 66 1150 1387 297 Spaces Moved 1203 | 41 651 429 82 Core 194 | 15 . 179 . Treads 1009 | 26 651 250 82 Legs . | . . . . Wheels . | . . . . Hover . | . . . . Flight . | . . . . Fastest Speed 50 | 50 160 160 160 Average Speed 202 | 123 160 283 160 Slowest Speed 650 | 160 160 650 160 Overloaded Moves . | . . . . Propulsion Burnouts . | . . . . Robots Hopped . | . . . . Potential Cave-ins . | . . . . Cave-ins Triggered . | . . . . Exploration Rate (%) 41 | 3 84 73 6 Regions Visited 3 Branch Regions 2 Pre-discovered Areas . | . . . . Known Exits Taken 3 | 1 1 1 . Unknown Exits Taken . | . . . . Scrap Searched . | . . . . Spaces Dug 2 | . 2 . . Terrain Destroyed 5 | . 5 . . Melee . | . . . . Projectile 2 | . 2 . . AOE 3 | . 3 . . Terrain Rammed . | . . . . Walls Destroyed . | . . . . Machines Disabled . | . . . . Actions | -11 -10 -10 -10 --------- Run | Yrd Mat Min Sub Total 1539 | 55 733 523 228 Wait 175 | . 23 28 124 Move 1200 | 40 650 428 82 Hop . | . . . . Pick Up 33 | 8 22 2 1 Fast Attach 5 | 3 . 2 . Attach 13 | 4 5 4 . Detach 4 | . 4 . . Swap 5 | . 3 2 . Drop 11 | . 10 1 . Fire 93 | . 16 56 21 Melee . | . . . . Ram . | . . . . Kick . | . . . . Crush . | . . . . Escape Stasis . | . . . . Rewire . | . . . . Trap . | . . . . Miscellaneous . | . . . . Route ------- -11/Scrapyard -10/Materials (discovered 3 exits: *Mat x2 / *Min) -10/Mines (discovered 3 exits: *Mat x2 / *Sub) -10/Subcaves History --------- Turn | Location | Event 5 | -11/Scrapyard | Identified exit to Materials 5 | -11/Scrapyard | Discovered exit to Materials (range 16) 67 | -11/Scrapyard | Entered Materials 67 | -10/Materials | Evolved 1 slot: Utility x1 305 | -10/Materials | Build established: Hacker-Mutant 347 | -10/Materials | Identified exit to Materials 347 | -10/Materials | Discovered exit to Materials (range 16) 1014 | -10/Materials | Discovered exit to Materials (range 15) 1168 | -10/Materials | Identified exit to Mines 1168 | -10/Materials | Discovered exit to Mines (range 15) 1217 | -10/Materials | Entered Mines 1218 | -10/Mines | Assembled infested the area 1316 | -10/Mines | Lost 3 parts (1p1n1w) 1320 | -10/Mines | Core integrity fell below 50% 1325 | -10/Mines | Destroyed 14 combat bots 1355 | -10/Mines | Lost 3 parts (1n2w) 2065 | -10/Mines | Discovered exit to Materials (range 7) 2138 | -10/Mines | Met a Derelict shopkeep closing up shop 2332 | -10/Mines | Identified exit to Subcaves 2332 | -10/Mines | Discovered exit to Subcaves (range 12) 2390 | -10/Mines | Core integrity fell below 20% 2487 | -10/Mines | Discovered exit to Materials (range 7) 2604 | -10/Mines | Entered Subcaves 2605 | -10/Subcaves | Approached by a straggling Scientist 2652 | -10/Subcaves | Shifting Twisted Machinery released Shrapnel Trap 2659 | -10/Subcaves | Shifting Twisted Machinery released Riot Gun 2856 | -10/Subcaves | Ambushed by angry Subdweller bent on revenge 2861 | -10/Subcaves | Ambushed by Subdweller buried in earth 2901 | -10/Subcaves | Destroyed by 17-U77(R) with Subdweller Shrapnel Launcher Last Messages --------------- KU-UW2(c): "I think it's somewhere northwest of here" 02862_ 42-1W4(R): "ARGHSUB!" 02862_ 9D-8VY(R): "GOODGOOD!" 02862_ 9D-8VY(R) knocked back. 02868_ System corrupted: Matter fused (-5). 02868_ 9D-8VY(R) knocked back. 02870_ 9D-8VY(R) destroyed. 02872_ 42-1W4(R) Sub. Optics blasted off. 02882_ 42-1W4(R) affixes Scrap Shield Fragment to Scrap Shield. 02883_ 42-1W4(R) knocked back. 02885_ Subatomizers dissect the Sub. Monowheel. 02885_ 42-1W4(R) knocked back. 02887_ 42-1W4(R) affixes Scrap Shield Fragment to Scrap Shield. 02887_ 42-1W4(R) Sub. Laser blasted off. 02894_ 42-1W4(R) affixes Scrap Shield Fragment to Scrap Shield. 02896_ Acquired 11 matter. Map ----- +----------------------------------------------------+ | ??????????????????????????????????????????????? | | ??????????????????????????????????????????????? | | ??????????????????????????????????????????????? | | ??????????????????????????????????????????????? | | ???????????????????????????????????????????????# | | ??????????????????????????????????????????????## | | ??????????????????????????????????????????????# | | ??????????????????????????????????????????????# | | ??????????????????????????????????????????????# | | ??????????????????????????????????????????????# | | ??????????????????????????????????????????????# | | ???????????????????????????????????############ | | ????????????????????????????????#### # % | | ??????????????????????????####### % | | ?????????????????????????##""% ## %## | | ?????????????????????????# "" ######## | | ?????????????????????????# "" ## ##??????##### | | ????????????????????????##&"" #### #???????????# | | ??????????????????###???#""" ##??##% #?????????? % | | ??????????????????# ####[& "#????# #?????????# | | ??????????????????# ##=[%""##??? ##????????? | | ??????????????????## ] [&"" #??? ##? #??????? | | ?????????????????#"" %[# ""##??? ## #???????% | | ????????????????# "%& %### "#??? #?????? | | ????????????????#%"! "## ""#??# #??????## | | ????????????????#%%% "##"@ "### ???????? | | ????????????????# ""%" # ;R "" ???????? | | ????????????????# % ## # " #?????????? | | ????????????????######## "" #??????????? | | ??????????????????????# "" #???????????? | | ??????????????????????# #??????????? | | ???????????????? ###; ?????? | | ???????????? % ##??; ? ?????? | | ????????????? # "### ##?????????????????????? | | ????????????? ??##???#####??????????????????????? | | ?????????????????????????????????????????????????? | | ?????????????????????????????????????????????????? | | ?????????????????????????????????????????????????? | | ?????????????????????????????????????????????????? | | ?????????????????????????????????????????????????? | | ?????????????????????????????????????????????????? | | ?????????????????????????????????????????????????? | | ?????????????????????????????????????????????????? | | ?????????????????????????????????????????????????? | | ?????????????????????????????????????????????????? | | ?????????????????????????????????????????????????? | | ?????????????????????????????????????????????????? | | ?????????????????????????????????????????????????? | | ?????????????????????????????????????????????????? | | ?????????????????????????????????????????????????? | +----------------------------------------------------+ Best States ------------- Heat Dissipation 25 Energy Generation 14 Energy Capacity 275 Matter Stores 300 Matter Capacity 300 Sight Range 16 Terrain Scan Density 10 Resistance: KI 35 Resistance: TH 35 Resistance: EX 35 Resistance: EM 35 Resistance: I 35 Resistance: S 35 Resistance: P 35 Core Shielding 20 Utility Shielding 33 Evasion (%) 50 Recoil Reduction 2 Offensive Hacking 20 Item Schematics ----------------- None Robot Schematics ------------------ None Fabricated ------------ Nothing Repaired ---------- Nothing Studied --------- None Alien Tech Used ----------------- None Achievements -------------- None Challenges ------------ None Game ------ Seed BiometalTimingInterpreter Manual? 0 Play Time 00:12:47 Cumulative 155.6 hours Start 2025.12.02 @ 15:34:05 End 2025.12.02 @ 16:09:27 Sessions 1 Manual Loads 0 Difficulty Explorer Special Mode None Game No. 199 Rogue 0 Adventurer 0 Explorer 199 Win Type - Total 0 Types 0/0/0/0/0/0/0/0/0/0 Lore% 70 Gallery% 66 Achievement% 52 Wizard Run 0 Options --------- Layout 1 ASCII 0 Keyboard 0 Movement Mouse Keybinds 0 Fullscreen 1 Font 24/Smallcaps Map View 50x35 Zoom Use 0% Tactical HUD 1 Map Filters NONE Filters NONE Steam 1 RUN: d06865f5-6723-409c-9500-9b23cc7a9d56